 Dungeon Crawl Stone Soup version 0.23-a0-767-gdc19b93d68 (webtiles) character file.

65 Hercules1031 the Ducker (level 3, 0/19 HPs)
             Began as a Spriggan Monk on Jan 27, 2019.
             Slain by a gnoll
             ... wielding a +0 halberd
              (8 damage)
             ... on level 2 of the Dungeon.
             The game lasted 00:03:20 (1884 turns).

Hercules1031 the Ducker (Spriggan Monk)             Turns: 1884, Time: 00:03:20

Health: 0/19       AC:  3    Str:  7    XL:     3   Next: 94%
Magic:  4/4        EV: 21    Int: 16    God:
Gold:   57         SH:  0    Dex: 19    Spells: 2/2 levels left

rFire    + . .     SeeInvis +   a - +0 short sword
rCold    + . .     Gourm    .   (shield restricted)
rNeg     . . .     Faith    .   b - +0 robe
rPois    +         Spirit   .   j - +1 hat
rElec    +         Reflect  .   (no cloak)
rCorr    +         Harm     .   (gloves unavailable)
MR       .....                  (boots unavailable)
Stlth    +++.......             (no amulet)
HPRegen  0.06/turn              (no ring)
MPRegen  0.09/turn              (no ring)

@: brilliant, resistant, berserk cooldown, slowed, quick
A: very small, unfitting armour, see invisible, herbivore, speed 3, slow
metabolism 2
a: no special abilities


You were on level 2 of the Dungeon.
You were very full.

You visited 1 branch of the dungeon, and saw 2 of its levels.

You collected 57 gold pieces.

Inventory:

Hand Weapons
 a - a +0 short sword (weapon)
Armour
 b - a +0 robe (worn)
 j - a +1 hat (worn)
Scrolls
 d - a scroll of teleportation {unknown}
Comestibles
 c - 2 rations


   Skills:
 + Level 2.8 Fighting
 + Level 3.8 Short Blades
 + Level 5.0 Dodging
 * Level 4.8 Stealth


You had 2 spell levels left.
You didn't know any spells.
Your spell library was empty.

Dungeon Overview and Level Annotations

Branches:
Dungeon (2/15)

Altars:


Innate Abilities, Weirdness & Mutations

You are very small and have problems with some larger weapons.
You are too small for most types of armour.
You have supernaturally acute eyesight. (SInv)
You are a herbivore.
You cover ground extremely quickly.
You need to consume almost no food.


Message History

You cannot move.
The gnoll hits you but does no damage.
The gnoll hits you from afar with a +0 halberd!
The gnoll hits you but does no damage.
The gnoll hits you but does no damage. x2
The gnoll hits you but does no damage. The gnoll barely misses you.
The gnoll hits you but does no damage.
Your transformation is almost over.
The gnoll hits you but does no damage. x2
The gnoll hits you from afar with a +0 halberd!
The gnoll hits you but does no damage. The gnoll barely misses you.
The gnoll hits you but does no damage.
The gnoll hits you from afar with a +0 halberd.
You feel less wooden.
Your +1 hat unmelds from your body.
Your +0 robe unmelds from your body.
The gnoll closely misses you. The gnoll hits you with a +0 halberd!
You die...

######
###############....#
.......>............
.######.######......
#.......# #.....#
#.####†.# #.....# #..#
###.....#
#########..###....[..#
#....@g...............
#.########.###.....###
#.# #.....# ###.###
#.# #.#########.# #.#
#.......†.#.#
#.############.#.#
#............#.#.#
############.#.#<#
#.#.###


You could see a gnoll.

Vanquished Creatures
  3 gnolls (D:2)
  An adder (D:2)
  An ooze (D:2)
  2 giant cockroaches
  4 goblins (D:1)
  5 hobgoblins (D:1)
  A bat (D:1)
  A frilled lizard (D:1)
  5 rats
23 creatures vanquished.

Notes
Turn   | Place    | Note
-------+----------+-------------------------------------------
     0 | D:1      | Hercules1031 the Spriggan Monk began the quest for the Orb.
     0 | D:1      | Reached XP level 1. HP: 11/11 MP: 2/2
   233 | D:1      | Reached XP level 2. HP: 5/16 MP: 3/3
  1544 | D:2      | Reached XP level 3. HP: 13/19 MP: 4/4
  1866 | D:2      | Reached skill level 5 in Dodging
  1884 | D:2      | Slain by a gnoll

Vault maps used:
D:1:      wander_arrival_fairy_ring

Skill      XL: |  1  2  3 |
---------------+----------+-----
Stealth        | 4 |  4.8
Dodging        | 5 |  5.0
Fighting       | |  2.8
Short Blades   | |  3.8

Action                   || total
-------------------------++-------
Melee: Short sword       ||    98
  Use: Scroll            ||     3
       Potion            ||     6
 Stab: Sleeping          ||     4
  Eat: Ration            ||     3
Armor: Robe              ||     4
       Skin              ||    15
Dodge: Dodged            ||    69

Table legend:
 A = Non-vault XP
 B = Vault XP
 C = Vault XP percentage of total XP
 D = Non-vault monster count
 E = Vault monster count
 F = Vault count percentage of total count
                 A         B        C        D         E       F
            +---------+---------+-------+---------+---------+-------
      Total |      94 |       0 |   0.0 |      23 |       0 |   0.0
            +---------+---------+-------+---------+---------+-------
        D:1 |      26 |       0 |   0.0 |      16 |       0 |   0.0
        D:2 |      68 |       0 |   0.0 |       7 |       0 |   0.0
            +---------+---------+-------+---------+---------+-------
